 Dungeon Crawl Stone Soup version 0.29.1-1-gd02db69 (webtiles) character file.

Game seed: 5198630639380994841

37 Kel the Chopper (level 3, -1/43 HPs)
             Began as a Demonspawn Berserker on Mar 21, 2023.
             Was a Believer of Trog.
             Slain by Terence
             ... wielding a +0 flail
              (7 damage)
             ... on level 2 of the Dungeon.
             The game lasted 00:02:23 (1594 turns).

Kel the Chopper (Demonspawn Berserker)              Turns: 1594, Time: 00:02:24

Health: -1/43      AC:  4    Str: 19    XL:     3   Next: 23%
Magic:  3/3        EV: 12    Int:  8    God:    Trog [**....]
Gold:   94         SH:  0    Dex: 12    Spells: 2/2 levels left

rFire   . . .      SeeInvis .   a - +0 hand axe
rCold   . . .      Faith    .   (no shield)
rNeg    . . .      Spirit   .   b - +0 animal skin
rPois   +          Reflect  .   d - +0 helmet
rElec   .          Harm     .   (no cloak)
rCorr   .          Rampage  .   (no gloves)
Will    .....                   g - +0 pair of boots
Stlth   ..........              (no amulet)
HPRegen 0.14/turn               f - ring of poison resistance
MPRegen 0.16/turn               (no ring)

@: berserking (expiring), very quick
A: magic regeneration
a: Renounce Religion, Berserk, Trog's Hand


You were on level 2 of the Dungeon.
You worshipped Trog.
Trog was pleased with you.
You visited 1 branch of the dungeon, and saw 2 of its levels.

You collected 94 gold pieces.

Inventory:

Hand Weapons
 a - a +0 hand axe (weapon)
Armour
 b - a +0 animal skin (worn)
 d - a +0 helmet (worn)
 g - a +0 pair of boots (worn)
Jewellery
 f - a ring of poison resistance (left hand)
Scrolls
 e - 2 scrolls of identify {unknown}
 i - 2 scrolls of enchant armour {unknown}
 j - a scroll of vulnerability {unknown}
 k - a scroll of noise {unknown}
Potions
 c - a potion of curing {unknown}
 h - a potion of lignification {unknown}


   Skills:
 - Level 3.0 Fighting
 + Level 4.0 Axes
 - Level 1.7 Armour
 - Level 1.7 Dodging


You had 2 spell levels left.
You didn't know any spells.
Your spell library was empty.

Dungeon Overview and Level Annotations

Branches:
Dungeon (2/15)

Altars:

Annotations:
D:2 Sigmund, Terence


Innate Abilities, Weirdness & Mutations

You regenerate magic rapidly.


Message History

Terence hits you with a +0 flail!
A red film seems to cover your vision as you go berserk!
You feel yourself moving faster!
You feel mighty! The bat hits you but does no damage.
Terence hits you with a +0 flail.
You barely miss Terence. You closely miss the bat. The bat barely misses you.
The bat hits you.
You slash Terence!
Terence is moderately wounded.
You hit the bat.
You kill the bat!
Trog accepts your kill. Terence hits you with a +0 flail!
You hit Terence.
Terence is heavily wounded.
Terence hits you with a +0 flail!
* * * LOW HITPOINT WARNING * * *
You hit Terence.
Terence is heavily wounded.
Terence barely misses you.
You barely miss Terence.
Terence is heavily wounded.
Terence hits you but does no damage.
You closely miss Terence.
Terence is heavily wounded.
You hit Terence but do no damage.
Terence is heavily wounded.
Terence barely misses you.
You closely miss Terence.
Terence is heavily wounded.
Terence barely misses you.
You hit Terence but do no damage.
Terence is heavily wounded.
You barely miss Terence.
Terence is heavily wounded.
Terence hits you with a +0 flail.
* * * LOW HITPOINT WARNING * * *
You closely miss Terence.
Terence is heavily wounded.
Terence hits you with a +0 flail!
You die...

.........##
+.....##<...........
#.......##.#####.###
#......... #.....
#..$....# ##..###
##.......# #...#
........# ##.#.#
#@.†...# ##..#.###
#########.@....#
#..##....
#........#.#####
#†####... #..........#
######.# #...
#..........# #......#
#...
#..........###>....##
##..
#..........##......#
#..
#..........##......##
#..
#...................#
#..
#..........##.....#..#
#..


You could see Terence.

Vanquished Creatures
  A worm (D:2)
  5 ball pythons
  5 bats
  2 endoplasms
  A giant cockroach (D:2)
  3 goblins
  5 hobgoblins
  2 kobolds (D:1)
  A quokka (D:2)
  3 frilled lizards
  3 rats
31 creatures vanquished.

Notes
Turn   | Place    | Note
-------+----------+-------------------------------------------
     0 | D:1      | Kel the Demonspawn Berserker began the quest for the Orb.
     0 | D:1      | Reached XP level 1. HP: 18/18 MP: 1/1
   112 | D:1      | Found a faded altar of an unknown god.
   168 | D:1      | Reached skill level 3 in Axes
   379 | D:1      | Gained mutation: You regenerate magic rapidly. [demonic
                  | ancestry]
   379 | D:1      | Reached XP level 2. HP: 24/24 MP: 2/2
   863 | D:2      | Noticed Sigmund
  1140 | D:2      | Reached XP level 3. HP: 3/29 MP: 3/3
  1506 | D:2      | Reached ** piety under Trog
  1507 | D:2      | Reached skill level 4 in Axes
  1580 | D:2      | Noticed Terence
  1594 | D:2      | Slain by Terence

Illustrated notes

Levels and vault maps discovered:
D:1:      heliophobic_arrival_dark_side_of_the_moon, layout_rooms,
          hellmonk_ecumenical_altar_run_dry
D:2:      layout_basic, uniq_sigmund, uniq_terence

Skill      XL: |  1  2  3 |
---------------+----------+-----
Axes           | 3 4 |  4.0
Fighting       | |  3.0
Armour         | |  1.7
Dodging        | |  1.7

Action                   || total
-------------------------++-------
Melee: Hand axe          ||    87
Invok: Berserk           ||     2
Armor: Animal skin       ||    27
Dodge: Dodged            ||    55
